 Dungeon Crawl Stone Soup version 0.32-a0-876-gcfddb08e57 (webtiles) character file.

Game seed: 13255899586769473974

827 rvierbuc the Trooper (level 7, -5/84 HPs)
             Began as a Demonspawn Berserker on Apr 1, 2024.
             Was a Priest of Trog.
             Succumbed to a hornet's poison
             ... on level 7 of the Dungeon.
             The game lasted 00:18:03 (4449 turns).

rvierbuc the Trooper (Demonspawn Berserker)         Turns: 4449, Time: 00:18:04

Health: -5/84      AC:  9    Str: 17    XL:     7   Next: 64%
Magic:  7/7        EV: 10    Int:  7    God:    Trog [***...]
Gold:   255        SH:  0    Dex: 15    Spells: 6/6 levels left

rFire   . . .        P - +6 battleaxe of the Harvest {freeze, +Blink}
rCold   . . .        (shield currently unavailable)
rNeg    . . .        d - +0 scale mail
rPois   .            B - +0 helmet
rElec   .            (no cloak)
rCorr   .            l - +0 pair of gloves
SInv    .            (no boots)
Will    .....        c - amulet of regeneration Stlth
                     (no ring)
HPRegen 1.14/turn    (no ring)
MPRegen 0.10/turn

%: no passive effects
@: berserking (expiring), lethally poisoned (-5 -> -16), slowed
A: powered by death 3
a: Renounce Religion, Evoke Blink, Berserk, Trog's Hand


You were on level 7 of the Dungeon.
You worshipped Trog.
Trog was most pleased with you.
You visited 1 branch of the dungeon, and saw 7 of its levels.

You collected 255 gold pieces.

Inventory:

Hand Weapons
 a - a +0 hand axe
 i - a +2 dagger of holy wrath
 r - a +0 short sword of speed
 u - a +3 hand axe
 P - the +6 battleaxe of the Harvest (weapon) {freeze, +Blink}
   (You acquired it on level 7 of the Dungeon)

   +Blink:    It lets you blink.
Missiles
 e - 9 poisoned darts (quivered)
 A - 2 throwing nets
 O - 6 curare-tipped darts
Armour
 b - a +0 animal skin
 d - a +0 scale mail (worn)
 k - a +0 scale mail
 l - a +0 pair of gloves (worn)
 n - a +0 ring mail
 x - a +0 buckler
 B - a +0 helmet (worn)
 E - the +0 robe "Gegiri Meub" {*Slow Regen+ rCorr Slay+5}
   (You found it on level 4 of the Dungeon)

   Slay+5:    It affects your accuracy & damage with ranged weapons and melee
   (+5).
   Regen+:    It increases your rate of health regeneration.
   rCorr:     It protects you from acid and corrosion.
   *Slow:     It may slow you when you take damage.
 L - a +0 tower shield
Magical Staves
 F - a staff of death
Jewellery
 c - an amulet of regeneration (around neck)
Scrolls
 g - a scroll of noise {unknown}
 h - a scroll of vulnerability {unknown}
 o - a scroll of fear {unknown}
 q - 4 scrolls of poison {unknown}
 y - a scroll of enchant weapon {unknown}
 z - a scroll of butterflies {unknown}
 C - 3 scrolls of teleportation {unknown}
 D - a scroll of identify {unknown}
 G - a scroll of enchant armour {unknown}
 H - a scroll of immolation {unknown}
 K - 2 scrolls of blinking {unknown}
 M - a scroll of brand weapon {unknown}
 N - a scroll of revelation {unknown}
Potions
 f - a potion of enlightenment {unknown}
 j - 2 potions of might {unknown}
 m - a potion of ambrosia {unknown}
 p - 4 potions of curing {unknown}
 s - a potion of berserk rage {unknown}
 t - a potion of degeneration {unknown}
 v - a potion of attraction {unknown}
 w - a potion of brilliance {unknown}
 I - 2 potions of heal wounds {unknown}
 J - a potion of mutation {unknown}


   Skills:
 + Level 5.2 Fighting
 + Level 4.7 Axes
 + Level 4.2 Armour
 + Level 4.2 Dodging


You had 6 spell levels left.
You didn't know any spells.
Your spell library was empty.

Dungeon Overview and Level Annotations

Branches:
Dungeon (7/15)
 Temple: D:4-7

Altars:
Cheibriados
Qazlal
Sif Muna
Trog
Vehumet

Annotations:
D:3 2 transporters


Innate Abilities, Weirdness & Mutations

You regenerate a lot of health from kills.


Message History

The hornet is lightly wounded.
You slice the sleepcap!! You freeze the sleepcap!
You destroy the sleepcap!
Trog accepts your kill.
You feel sick. The hornet stings you.
You are more poisoned.
You feel as though you will be slow longer.
The hornet stings you!
You feel as though you will be slow longer.
The hornet closely misses you.
You closely miss the hornet.
The hornet is lightly wounded.
You feel very sick. The hornet barely misses you. x2
You miss the hornet.
The hornet is lightly wounded.
You feel very sick. The hornet stings you.
* * * LOW HITPOINT WARNING * * *
You are more poisoned.
You feel as though you will be slow longer.
The hornet stings you!
* * * LOW HITPOINT WARNING * * *
You feel as though you will be slow longer.
You closely miss the hornet.
The hornet is lightly wounded.
You feel extremely sick. The hornet barely misses you.
The hornet stings you but does no damage.
You closely miss the hornet.
The hornet is lightly wounded.
You feel very sick. The hornet barely misses you. The hornet stings you!
* * * LOW HITPOINT WARNING * * *
You are more poisoned.
You feel as though you will be slow longer.
You are too berserk!
You miss the hornet.
The hornet is lightly wounded.
You die...

#. #####################.
#....#...#............
#....#...#............
#....#...#............
####....##'##............
.........................
..................##'####
.......y@.........#......
..................#......
####.........##+#######'#
###+#######...##..##..
#...............
+...............
#######.########
#.#######. #....'..#.


You could see a hornet.

Vanquished Creatures
  A sky beast (D:7)
  A black bear (D:5)
  An ogre (D:5)
  A phantom (D:5)
  4 hounds
  2 sleepcaps
  An iguana (D:6)
  5 gnolls
  12 adders
  3 white imps
  2 ufetubi (D:5)
  3 dart slugs
  4 ribbon worms
  6 orcs (D:3)
  A bat (D:3)
  8 endoplasms
  7 giant cockroaches
  5 hobgoblins
  3 quokkas
  6 ball pythons
  6 frilled lizards
  5 goblins
  9 kobolds
  8 rats
104 creatures vanquished.

Notes
Turn   | Place    | Note
-------+----------+-------------------------------------------
     0 | D:1      | rvierbuc the Demonspawn Berserker began the quest for the
                  | Orb.
     0 | D:1      | Reached XP level 1. HP: 18/18 MP: 1/1
   248 | D:1      | Gained mutation: You regenerate a little health from kills.
                  | [demonic ancestry]
   248 | D:1      | Reached XP level 2. HP: 5/24 MP: 2/2
   328 | D:1      | Reached XP level 3. HP: 29/29 MP: 3/3
   372 | D:1      | Reached ** piety under Trog
  1491 | D:2      | Reached XP level 4. HP: 36/36 MP: 4/4
  1611 | D:3      | Found a transporter.
  1669 | D:3      | Found a transporter.
  2067 | D:3      | Found a snail-covered altar of Cheibriados.
  2289 | D:3      | Noticed a moth of wrath
  2300 | D:3      | Found a bloodstained altar of Trog.
  2481 | D:4      | Reached XP level 5. HP: 30/42 MP: 5/5
  2557 | D:4      | Reached skill level 4 in Fighting
  2764 | D:4      | Identified the +0 robe "Gegiri Meub" {*Slow Regen+ rCorr
                  | Slay+5}
  2783 | D:4      | Reached *** piety under Trog
  2947 | D:4      | Found a radiant altar of Vehumet.
  3022 | D:5      | Entered Level 5 of the Dungeon
  3038 | D:5      | Noticed a black bear
  3044 | D:5      | Killed a black bear
  3045 | D:5      | Gained mutation: You regenerate health from kills. [demonic
                  | ancestry]
  3045 | D:5      | Reached XP level 6. HP: 48/48 MP: 6/6
  3635 | D:5      | Gained mutation: You regenerate a lot of health from kills.
                  | [demonic ancestry]
  3635 | D:5      | Reached XP level 7. HP: 52/55 MP: 7/7
  3871 | D:6      | Found a shimmering blue altar of Sif Muna.
  4121 | D:6      | Reached skill level 5 in Fighting
  4173 | D:6      | Found a stormy altar of Qazlal.
  4367 | D:7      | Identified a scroll of acquirement
  4367 | D:7      | Acquired the +6 battleaxe of the Harvest {freeze, +Blink}
  4438 | D:7      | Noticed a hornet
  4448 | D:7      | HP: 1/84 [hornet (7)]
  4449 | D:7      | Succumbed to a hornet's poison

Illustrated notes

Levels and vault maps discovered:
D:1:      dpeg_arrival_central, layout_rooms, minmay_tromino_v2
D:2:      layout_loops_corners
D:3:      gammafunk_steamed_eel, layout_loops_ring,
          mainiacjoe_overflow_surrounded_room, tgw_trog
D:4:      layout_loops_ring, fiery_altar_vehumet, kennysheep_generic_room_14
D:5:      layout_basic, st_stairs_11
D:6:      layout_rooms, mainiacjoe_overflow_catwalk,
          nicolae_overflow_crystal_walls, minmay_tree_intersection,
          kennysheep_generic_room_12
D:7:      gammafunk_wand_slinger, layout_gridville,
          lemuel_coloured_pillars_altar, fedhas_altar_3,
          minmay_temple_entry_crystal_x, nicolae_ossuary_entry_catacombs,
          solitary_fountain, nicolae_phantomly_mirrored

Skill      XL: |  1  2  3  4  5  6  7 |
---------------+----------------------+-----
Armour         | 2 3 4 |  4.2
Dodging        | 2 3 4 |  4.2
Axes           | 3 4 |  4.7
Fighting       | 4 5 |  5.2

Action                     |  1- 3 |  4- 6 |  7- 9 || total
---------------------------+-------+-------+-------++-------
  Melee: Hand axe          |   131 |   150 |    65 ||   346
         Battleaxe         |       |       |     7 ||     7
  Throw: Dart              |     3 |       |       ||     3
 Invoke: Berserk           |       |     3 |     1 ||     4
    Use: Scroll            |       |       |     1 ||     1
 Armour: Scale mail        |    92 |   129 |    74 ||   295
         Animal skin       |     2 |       |       ||     2
  Dodge: Dodged            |    66 |    94 |    27 ||   187
  Block: Buckler           |       |    31 |     9 ||    40
         Tower shield      |       |       |    27 ||    27

Table legend: (Time is in decaauts)
 A = Elapsed time spent in this place.
 B = Non-inter-level travel time spent in this place.
 C = Inter-level travel time spent in this place.
 D = Time resting spent in this place.
 E = Time spent auto-exploring this place.
 F = Levels seen in this place.
 G = Mean time per level.
                   A        B        C        D        E       F      G
               +--------+--------+--------+--------+--------+-----+--------+
         Total |   4542 |   4375 |    167 |    247 |   3058 |   7 |  648.9 |
       Dungeon |   4542 |   4375 |    167 |    247 |   3058 |   7 |  648.9 |
               +--------+--------+--------+--------+--------+-----+--------+

Top non-repeatable levels by time:
     D:3: 892 daAuts
     D:2: 851 daAuts
     D:5: 796 daAuts
     D:1: 660 daAuts
     D:4: 657 daAuts
     D:6: 588 daAuts
     D:7: 95 daAuts
